 Dungeon Crawl Stone Soup version 0.30.1-11-g7821555f0a (webtiles) character file.

Game seed: 1457253241227898812

36997 monsoonserge the Thaumaturge (level 14, -2/87 HPs)
             Began as a Djinni Venom Mage on Nov 15, 2023.
             Was an Elder of Elyvilon.
             Slain by a four-headed hydra (3 damage)
             ... on level 1 of the Lair of Beasts.
             The game lasted 02:02:30 (18914 turns).

monsoonserge the Thaumaturge (Djinni Venom Mage)   Turns: 18914, Time: 02:02:31

Health: -2/87      AC: 12    Str:  9    XL:     14   Next: 26%
Gold:   1533       EV: 12    Int: 22    God:    Elyvilon [****..] SH:  7 Dex: 14

rFire   + + +        a - +8 whip "Snakebite" {venom, curare, rPois}
rCold   + . .        g - +2 buckler {rC+}
rNeg    + . .        U - +4 ring mail of Depression {Will+}
rPois   ∞            j - +1 hat of the Cooper {Will- rCorr Str+2 Slay+5}
rElec   .            D - +0 cloak
rCorr   +            (no gloves)
SInv    +            (boots unavailable)
Will    +....        (no amulet)
Stlth   ++           k - +4 ring of slaying
HPRegen 0.34/turn    P - ring "Himoidd" {rF+ rC+ rN+}
MPRegen 0.00/turn

%: infuse magic (-3 HP)
@: radiating poison, flying
A: sickness immunity, fire resistance 2, cold vulnerability 1, float, innate
caster, HP casting, extra vitality 1, see invisible
a: Renounce Religion, Purification, Heal Other, Heal Self


You were on level 1 of the Lair of Beasts.
You worshipped Elyvilon.
Elyvilon was greatly pleased with you.
You visited 4 branches of the dungeon, and saw 16 of its levels.
You also visited: Bailey and Ice Cave.

You collected 1993 gold pieces.
You spent 460 gold pieces at shops.

Inventory:

Hand Weapons
 a - the +8 whip "Snakebite" (weapon) {venom, curare, rPois}
   (You found it on level 10 of the Dungeon)

   rPois:     It protects you from poison.
 b - a +4 scimitar of electrocution
 J - a +2 dagger of freezing
 T - the +2 great sword of Growth {protect, rF+ rC+}
   (You found it in a bailey)

   rF:        It protects you from fire.
   rC:        It protects you from cold.
Missiles
 m - 5 javelins
 r - 2 atropa-tipped darts
 B - 4 throwing nets
 F - 43 boomerangs (quivered)
 H - 2 curare-tipped darts
Armour
 g - a +2 buckler of cold resistance (worn)
 j - the +1 hat of the Cooper (worn) {Will- rCorr Str+2 Slay+5}
   (You found it on level 8 of the Dungeon)

   Str:       It affects your strength (+2).
   Slay:      It affects your accuracy & damage with ranged weapons and melee
   (+5).
   rCorr:     It protects you from acid and corrosion.
   Will:      It decreases your willpower.
 w - a +1 robe of resistance
 D - a +0 cloak (worn)
 K - +0 acid dragon scales
 U - the +4 ring mail of Depression (worn) {Will+}
   (You took it off an orc on level 8 of the Dungeon)

   Will:      It increases your willpower.
 Z - a +1 leather armour of cold resistance
Magical Staves
 q - the staff of poison "Jaklixoe" {rPois rN+}
   (You found it in an ice cave)

   [staff of poison]

   Your inability to study Poison Magic prevents you from drawing on the full
   power of this staff in melee.
   Base accuracy: +5 Base damage: 5 Base attack delay: 1.2 This weapon's minimum
   attack delay (0.6) is reached at skill level 12.
   rPois:     It protects you from poison.
   rN:        It protects you from negative energy.
   It falls into the 'Staves' category.
   It is a one-handed weapon.
 I - the staff of death "Ciceann" {Fly rPois rF- rN+ Int+3}
   (You took it off a centaur warrior on level 8 of the Dungeon)

   [staff of death]

   Your inability to study Necromancy prevents you from drawing on the full
   power of this staff in melee.
   Base accuracy: +5 Base damage: 5 Base attack delay: 1.2 This weapon's minimum
   attack delay (0.6) is reached at skill level 12.
   Int:       It affects your intelligence (+3).
   rF:        It makes you vulnerable to fire.
   rPois:     It protects you from poison.
   rN:        It protects you from negative energy.
   Fly:       It grants you flight.
   It falls into the 'Staves' category.
   It is a one-handed weapon.
   Elyvilon disapproves of the use of such an item.
Jewellery
 k - a +4 ring of slaying (left hand)
 E - a ring of protection from cold
 P - the ring "Himoidd" (right hand) {rF+ rC+ rN+}
   (You found it in a bailey)

   [ring of protection from cold]

   rF:        It protects you from fire.
   rC:        It protects you from cold.
   rN:        It protects you from negative energy.
 S - a +6 ring of dexterity
Wands
 f - a wand of mindburst (19)
 t - a wand of flame (34)
 v - a wand of polymorph (4)
 M - a wand of charming (11)
Scrolls
 c - 5 scrolls of amnesia {unknown}
 h - 5 scrolls of fear
 l - 3 scrolls of fog {unknown}
 p - 3 scrolls of magic mapping
 s - a scroll of enchant weapon
 u - 4 scrolls of immolation
 z - 2 scrolls of torment
 G - 2 scrolls of poison
 L - a scroll of butterflies {unknown}
 O - 12 scrolls of teleportation
 Q - a scroll of brand weapon {unknown}
 R - 2 scrolls of enchant armour
 W - 2 scrolls of vulnerability {unknown}
 X - a scroll of silence {unknown}
Potions
 d - 3 potions of haste
 e - 2 potions of invisibility
 i - 3 potions of mutation
 n - 7 potions of lignification {unknown}
 o - 2 potions of might {unknown}
 x - 4 potions of brilliance
 C - 3 potions of curing
 N - a potion of resistance {unknown}
 V - 4 potions of heal wounds
Miscellaneous
 y - a phantom mirror
 A - a box of beasts
 Y - a condenser vane


   Skills:
 + Level 3.1 Fighting
 + Level 1.0(2.7) Short Blades
 + Level 4.1(4.2) Long Blades
 + Level 1.0 Maces & Flails
 + Level 6.0 Armour
 + Level 6.3 Dodging
 + Level 4.5 Stealth
 * Level 3.3 Shields
 + Level 0.8 Unarmed Combat
 + Level 14.2 Spellcasting
 + Level 8.5 Invocations
 * Level 4.2 Evocations


You knew the following spells:

 Your Spells              Type           Power      Damage    Failure   Level
a - Sting                 Tmut/Pois      100%       1d8       1%          1
b - Poisonous Vapours     Pois/Air       100%       N/A       1%          2
c - Mephitic Cloud        Conj/Pois/Air  67%        N/A       1%          3
d - Olgreb's Toxic Radia  Pois           67%        N/A       1%          4
e - Foxfire               Conj/Fire      100%       2x1d9     1%          1
f - Static Discharge      Conj/Air       100%       2-7/arc   1%          2
g - Ignite Poison         Fire/Tmut/Pois 67%        N/A       1%          3
h - Hailstorm             Conj/Ice       67%        3d14      1%          3
i - Ice Form              Ice/Tmut       67%        N/A       1%          4
j - Iskenderun's Battles  Conj           67%        2d12      1%          5
Your spell library was empty.

Dungeon Overview and Level Annotations

Branches:
Dungeon (12/15)            Temple (1/1) D:4            Lair (1/5) D:11
    Orc (2/2) D:10            Elf (0/3) Orc:2        Bailey (visited)
  IceCv (visited)

Altars:
Ashenzari
Cheibriados
Dithmenos
Elyvilon
Fedhas
Gozag
Hepliaklqana
Makhleb
Nemelex Xobeh
Okawaru
Qazlal
Ru
Trog
Uskayaw
Wu Jian
Xom
Yredelemnul
Zin
The Shining One

Shops:
D:4 =   D:8 *   Orc:2 !?*(

Annotations:
D:4 dig for 2 ? of fear
D:11 exclusion: obsidian statue
D:12 Jorgrun


Innate Abilities, Weirdness & Mutations

You are immune to sickness and miasma.
You are immune to poison.
Your flesh is very heat resistant. (rF++)
You are vulnerable to cold. (rC-)
You float through the air rather than walking.
You learn spells naturally, not from books.
Your magical power is your life essence.
You have superior vitality. (+4 MHP)
You have supernaturally acute eyesight. (SInv)


Message History

The four-headed hydra closely misses you.
You block the four-headed hydra's attack. x2
The four-headed hydra bites you but does no damage.
Unknown command.
You whack the cane toad!
You kill the cane toad!
The four-headed hydra bites you but does no damage.
You block the four-headed hydra's attack.
The four-headed hydra bites you but does no damage.
You block the four-headed hydra's attack.
Your Maces & Flails skill increases to level 1!
Casting: Olgreb's Toxic Radiance (safe; 1% risk of failure)
Confirm with . or Enter, or press ? or * to list all spells.
You begin to radiate toxic energy.
The yak looks even sicker.
The yak is poisoned. x2
* * * LOW HITPOINT WARNING * * *
The yak looks as sick as possible!
The yak looks even sicker.
Your battlesphere fires!
The barrage of energy hits the yak!
The yak is almost dead.
The yak gores you.
* * * LOW HITPOINT WARNING * * *
The yak gores the four-headed hydra.
The four-headed hydra bites the yak!
The four-headed hydra bites the yak. x3
The yak dies!
Casting: Olgreb's Toxic Radiance (safe; 1% risk of failure)
Confirm with . or Enter, or press ? or * to list all spells.
You ignite the poison in your surroundings!
The yak seems to burn from within!!!
You kill the yak!
The yak seems to burn from within!!
You kill the yak!
* * * LOW HITPOINT WARNING * * *
The four-headed hydra bites you!
* * * LOW HITPOINT WARNING * * *
You block the four-headed hydra's attack.
The four-headed hydra bites you!
* * * LOW HITPOINT WARNING * * *
The four-headed hydra bites you.
You die...

####### ### #.......# ###.#.#.##
###.## ##.#..... ###....#...##
#....#########.....
............###......#.#P##..##.#
.....#....#...........††††.......
###....##..##.##...###.........##
###......#####§..###.##...##...
###......#..#............##v.
#####....*@#.#.#..........#
####†#†D#..............
#.##..†#.#.#....(.... ...
#..............### ....
...>.........###.# #.####
.......(. .....).. # ......†##
#...... [........ #..#... #..#..


You could see a neutral four-headed hydra (wandering) and a friendly
battlesphere.

Vanquished Creatures
  Gastronok (Lair:1)
  Erolcha (D:9)
  An ogre mage (Orc:1)
  A centaur warrior (D:8)
  3 two-headed ogres
  3 orc high priests (Orc:2)
  Nergalle (Lair:1)
  The ghost of Cheops the Spear-Bearer, a novice MfIE (D:6)
  2 bog bodies (IceCv)
  5 orc knights
  A deep elf pyromancer (D:9)
  2 ugly things (D:11)
  3 orc sorcerers (Orc:2)
  A cyclops (D:12)
  Maurice (D:11)
  A manticore (D:8)
  The ghost of Hooloovoo the Cudgeller, a novice MiFi of Gozag (D:5)
  An ice statue (IceCv)
  A gargoyle (D:7)
  4 cane toads (Lair:1)
  A komodo dragon (D:11)
  2 unseen horrors (D:11)
  2 ice devils (D:11)
  A queen bee (shapeshifter) (D:8)
  A troll (D:10)
  2 hornets
  Sigmund (D:2)
  2 dire elephant simulacra (IceCv)
  3 shadows
  3 wyverns
  24 yaks
  2 wraiths (D:12)
  2 basilisks (Lair:1)
  3 steam dragons
  7 vampire mosquitoes
  2 death yak simulacra (IceCv)
  2 wargs (Orc:1)
  Menkaure (D:6)
  2 harpy simulacra (IceCv)
  An acid dragon (D:8)
  4 water moccasins
  4 sky beasts
  4 black bears
  3 ice beasts
  29 orc warriors
  The ghost of Azazsd the Charlatan, an amateur DrAr (D:3)
  6 centaurs
  11 ogres
  8 wolves
  A phantom (D:5)
  4 kobold brigands
  10 bullfrogs
  4 gnoll sergeants (D:8)
  3 cane toad simulacra (IceCv)
  8 two-headed ogre simulacra (IceCv)
  A scorpion (D:11)
  7 wights
  2 elephant simulacra (IceCv)
  6 killer bees
  11 hounds
  17 orc priests
  3 jellies
  Crazy Yiuf (D:5)
  An iguana (D:7)
  4 gnoll boudas (D:8)
  21 orc wizards
  A scorpion zombie (D:3)
  Natasha (thrice) (D:2)
  6 troll simulacra (IceCv)
  2 spriggan simulacra (IceCv)
  3 polar bear simulacra (IceCv)
  2 wolf simulacra (IceCv)
  2 hound zombies (D:3)
  32 gnolls
  4 adders
  6 naga simulacra (IceCv)
  A shadow imp (D:8)
  6 white imps
  6 ufetubi
  2 adder skeletons (D:3)
  2 worms
  4 dart slugs
  80 orcs
  9 bats
  3 endoplasms
  6 giant cockroaches
  18 goblins
  9 hobgoblins
  7 jackals
  23 kobolds
  2 quokkas
  13 ball pythons
  2 frilled lizards
  5 rats
532 creatures vanquished.

Vanquished Creatures (collateral kills)
  A foxfire (Lair:1)
1 creature vanquished.

Vanquished Creatures (others)
  2 yaks (Lair:1)
  731 foxfires
733 creatures vanquished.

Grand Total: 1266 creatures vanquished

Notes
Turn   | Place    | Note
-------+----------+-------------------------------------------
     0 | D:1      | monsoonserge the Djinni Venom Mage began the quest for the
                  | Orb.
     0 | D:1      | monsoonserge set off with the following spells memorised:
                  | Sting, Poisonous Vapours, Mephitic Cloud, Olgreb's Toxic
                  | Radiance.
     0 | D:1      | Reached XP level 1. HP: 15/15 MP: 0/0
   200 | D:1      | Reached XP level 2. HP: 20/21 MP: 0/0
   445 | D:1      | Reached XP level 3. HP: 22/25 MP: 0/0
   445 | D:1      | Learned a level 1 spell: Foxfire
  1149 | D:2      | Noticed Sigmund
  1155 | D:2      | Reached skill level 3 in Spellcasting
  1178 | D:2      | Reached XP level 4. HP: 11/31 MP: 0/0
  1179 | D:2      | Killed Sigmund
  1180 | D:2      | Reached skill level 4 in Spellcasting
  1180 | D:2      | Reached XP level 5. HP: 12/35 MP: 0/0
  1180 | D:2      | Learned a level 2 spell: Static Discharge
  1180 | D:2      | Reached XP level 6. HP: 14/40 MP: 0/0
  1598 | D:2      | Noticed Natasha
  1602 | D:2      | Killed Natasha
  1691 | D:2      | Noticed Natasha
  1698 | D:2      | Killed Natasha
  1806 | D:2      | Noticed Natasha
  1810 | D:2      | Killed Natasha
  1958 | D:3      | Reached skill level 1 in Armour
  1995 | D:3      | Reached XP level 7. HP: 41/45 MP: 0/0
  1995 | D:3      | Learned a level 3 spell: Ignite Poison
  2339 | D:3      | Found a runed translucent door.
  2342 | D:3      | Noticed Azazsd's ghost (amateur DrAr)
  2940 | D:4      | Found a white marble altar of Elyvilon.
  2960 | D:4      | Became a worshipper of Elyvilon the Healer
  3482 | D:4      | Found a staircase to the Ecumenical Temple.
  3488 | Temple   | Entered the Ecumenical Temple
  3552 | D:4      | Reached * piety under Elyvilon
  3557 | D:4      | Found Yfeelog's Jewellery Shoppe.
  3587 | D:4      | Reached skill level 5 in Spellcasting
  3789 | D:4      | Found a glowing silver altar of Zin.
  3839 | D:4      | Noticed a steam dragon
  3853 | D:4      | Killed a steam dragon
  3854 | D:4      | Reached XP level 8. HP: 34/50 MP: 0/0
  3933 | D:4      | Identified the +6 hand axe "monsoonserge's Doom" {chaos,
                  | +Blink}
  4243 | D:5      | Entered Level 5 of the Dungeon
  4248 | D:5      | Reached skill level 1 in Invocations
  4379 | D:5      | Reached skill level 6 in Spellcasting
  4503 | D:5      | Found a large runed translucent door.
  4503 | D:5      | Found a large runed translucent door.
  4505 | D:5      | Noticed Hooloovoo's ghost (novice MiFi)
  4633 | D:5      | Reached ** piety under Elyvilon
  4955 | D:5      | Found a runed translucent door.
  4956 | D:5      | Noticed Crazy Yiuf
  4964 | D:5      | Killed Crazy Yiuf
  5098 | D:5      | Found a blossoming altar of Fedhas.
  5354 | D:6      | Found a runed translucent door.
  5370 | D:6      | Reached skill level 7 in Spellcasting
  5370 | D:6      | Reached XP level 9. HP: 50/55 MP: 0/0
  5370 | D:6      | Learned a level 3 spell: Hailstorm
  5532 | D:6      | Noticed Cheops's ghost (novice MfIE)
  5666 | D:6      | Noticed Menkaure
  5669 | D:6      | Killed Menkaure
  5714 | D:6      | Reached *** piety under Elyvilon
  6157 | D:7      | Reached skill level 8 in Spellcasting
  6279 | D:7      | Reached skill level 5 in Dodging
  6887 | D:8      | Noticed a two-headed ogre
  6896 | D:8      | Killed a two-headed ogre
  6897 | D:8      | Reached skill level 9 in Spellcasting
  6897 | D:8      | Reached XP level 10. HP: 35/61 MP: 0/0
  6931 | D:8      | Noticed an entropy weaver
  6934 | D:8      | an entropy weaver changed into a queen bee
  6940 | D:8      | Noticed a two-headed ogre
  6949 | D:8      | Killed a two-headed ogre
  6950 | D:8      | Reached skill level 1 in Fighting
  6950 | D:8      | Reached skill level 10 in Spellcasting
  6961 | D:8      | Noticed a deep elf pyromancer
  6981 | D:8      | Noticed a manticore
  6982 | D:8      | Reached **** piety under Elyvilon
  6999 | D:8      | Found Qyvvo's Serpentskin Sales.
  7015 | D:8      | Bought a scroll of poison for 48 gold pieces
  7015 | D:8      | Bought 2 curare-tipped darts for 28 gold pieces
  7209 | D:8      | Identified the staff of death "Ciceann" {Fly rPois rF- rN+
                  | Int+3}
  7209 | D:8      | Noticed a centaur warrior
  7218 | D:8      | Killed a centaur warrior
  7579 | D:9      | Found a stormy altar of Qazlal.
  7704 | D:9      | Reached XP level 11. HP: 61/67 MP: 0/0
  7704 | D:9      | Learned a level 4 spell: Ice Form
  7708 | D:9      | Reached skill level 1 in Short Blades
  7826 | D:9      | Found a flagged portal.
  7831 | D:9      | Reached skill level 11 in Spellcasting
  7999 | Bailey   | Entered a bailey
  8103 | Bailey   | Identified the +2 great sword of Growth {protect, rF+ rC+}
  8174 | Bailey   | Noticed an orc knight
  8179 | Bailey   | Killed an orc knight
  8181 | Bailey   | Reached skill level 5 in Invocations
  8331 | Bailey   | Identified the ring "Himoidd" {rF+ rC+ rN+}
  8635 | D:9      | Noticed a two-headed ogre
  8643 | D:9      | Killed a two-headed ogre
  8856 | D:9      | Killed a deep elf pyromancer
  8857 | D:9      | Reached skill level 1 in Long Blades
  8893 | D:8      | Killed a manticore
  9354 | D:8      | Found an iron altar of Okawaru.
  9441 | D:8      | Identified the +4 ring mail of Depression {Will+}
  9912 | D:8      | Reached XP level 12. HP: 65/74 MP: 0/0
 10007 | D:8      | Reached skill level 1 in Evocations
 10143 | D:8      | Reached skill level 12 in Spellcasting
 10253 | D:8      | Identified the +1 hat of the Cooper {Will- rCorr Str+2
                  | Slay+5}
 10402 | D:9      | Noticed Erolcha
 10408 | D:9      | Killed Erolcha
 10744 | D:10     | Entered Level 10 of the Dungeon
 10768 | D:10     | Noticed a skeletal warrior
 10768 | D:10     | Noticed a skeletal warrior
 10768 | D:10     | Noticed a skeletal warrior
 10768 | D:10     | Noticed a skeletal warrior
 10769 | D:10     | Noticed a skeletal warrior
 10779 | D:10     | Found the +8 whip "Snakebite" {venom, curare, rPois}
 11006 | D:10     | Found a sacrificial altar of Ru.
 11206 | D:10     | Found a staircase to the Orcish Mines.
 11627 | Orc:1    | Entered Level 1 of the Orcish Mines
 12053 | Orc:2    | Entered Level 2 of the Orcish Mines
 12063 | Orc:2    | Found a staircase to the Elven Halls.
 12682 | Orc:2    | Noticed an orc high priest
 12687 | Orc:2    | Gained mutation: Your body sometimes deteriorates upon
                  | taking damage. [a neqoxec]
 12688 | Orc:2    | Killed an orc high priest
 12688 | Orc:2    | Noticed an orc high priest
 12697 | Orc:2    | Killed an orc high priest
 12698 | Orc:2    | Reached XP level 13. HP: 19/80 MP: 0/0
 12698 | Orc:2    | Learned a level 5 spell: Iskenderun's Battlesphere
 12902 | Orc:2    | Reached skill level 13 in Spellcasting
 13013 | Orc:2    | Found Meecor's Magic Scroll Emporium.
 13013 | Orc:2    | Found Jomnun's Distillery.
 13015 | Orc:2    | Found Acaam's Antique Weapon Emporium.
 13015 | Orc:2    | Found Dass's Assorted Antiques.
 13057 | Orc:2    | Bought a sedimented green potion for 16 gold pieces
 13057 | Orc:2    | Bought a scroll labelled LIBOZYPRARGH for 18 gold pieces
 13057 | Orc:2    | Bought a scroll labelled UFIYXZABBA for 18 gold pieces
 13057 | Orc:2    | Bought a red potion for 16 gold pieces
 13060 | Orc:2    | Bought a scroll of fear for 56 gold pieces
 13065 | Orc:2    | Bought a potion of heal wounds for 50 gold pieces
 13065 | Orc:2    | Bought a potion of brilliance for 40 gold pieces
 13078 | Orc:2    | Bought a potion of degeneration for 10 gold pieces
 13081 | Orc:2    | Bought 2 potions of invisibility for 160 gold pieces
 13262 | Orc:1    | Noticed an ogre mage
 13267 | Orc:1    | Killed an ogre mage
 13268 | Orc:1    | Reached skill level 5 in Armour
 13658 | D:3      | Killed Azazsd's ghost
 13774 | D:5      | Killed Hooloovoo's ghost
 13880 | D:6      | Killed Cheops's ghost
 14705 | D:11     | Found a staircase to the Lair.
 14786 | D:11     | Found a frozen archway.
 14925 | IceCv    | Entered an ice cave
 15396 | IceCv    | Reached ***** piety under Elyvilon
 15590 | IceCv    | Identified the staff of poison "Jaklixoe" {rPois rN+}
 16081 | IceCv    | Reached skill level 1 in Shields
 16257 | IceCv    | HP: 4/80 [dire elephant simulacrum (22)]
 16260 | IceCv    | Elyvilon protects you from harm!
 16716 | D:11     | Lost mutation: Your body sometimes deteriorates upon taking
                  | damage. [potion of mutation]
 16716 | D:11     | Gained mutation: Your body sometimes deteriorates upon
                  | taking damage. [potion of mutation]
 16717 | D:11     | Lost mutation: Your body sometimes deteriorates upon taking
                  | damage. [potion of mutation]
 16717 | D:11     | Gained mutation: You have supernaturally acute eyesight.
                  | (SInv) [potion of mutation]
 16915 | D:11     | Noticed Maurice
 16919 | D:11     | Killed Maurice
 17645 | D:12     | Reached skill level 14 in Spellcasting
 17648 | D:12     | Noticed Jorgrun
 18213 | Lair:1   | Entered Level 1 of the Lair of Beasts
 18318 | Lair:1   | Reached XP level 14. HP: 76/85 MP: 0/0
 18341 | Lair:1   | Noticed Gastronok
 18368 | Lair:1   | Killed Gastronok
 18406 | Lair:1   | Noticed Nergalle
 18664 | Lair:1   | Killed Nergalle
 18913 | Lair:1   | Reached skill level 1 in Maces & Flails
 18914 | Lair:1   | HP: 1/87 [four-headed hydra (8)]
 18914 | Lair:1   | Slain by a four-headed hydra

Illustrated notes

Levels and vault maps discovered:
D:1:      spicycebolla_green_bress_n_ham_2, layout_loops_ring,
          chequers_serial_rivers_micro_c, minmay_crystal_water
D:2:      layout_basic, minmay_goblin_kobold_house, uniq_natasha, uniq_sigmund
D:3:      layout_loops_ring, hellmonk_ghost_happy_afterlife, serial_undead,
          serial_undead_e, serial_undead_f, serial_undead_f, serial_undead_f,
          serial_undead_e, serial_undead_a, serial_undead_b,
          kennysheep_generic_room_7
D:4:      layout_loops_corners, elyvilon_altar_4, kiku_gazebo_pond_becter,
          zin_scriptorium, minmay_temple_entry_trees, serial_shops,
          nicolae_shop_tiny_statue_garden, nrook_uturn
D:5:      layout_cave_pools, lemuel_coloured_pillars_altar,
          ebering_ghost_disaster_area, hex_large, chequers_jeans,
          minmay_misc_feat_chi, uniq_crazy_yiuf_cottage
D:6:      layout_loops_cross, serial_aquarium, aquarium_bridge_straight
          [aquarium_subvault_bridge, aquarium_subvault_wall,
          aquarium_subvault_bridge, aquarium_subvault_wall],
          aquarium_bridge_square [aquarium_subvault_bridge,
          aquarium_subvault_bridge, aquarium_subvault_wall,
          aquarium_subvault_balcony], aquarium_window_corner, aquarium_window_1,
          aquarium_window_corner, aquarium_view_2d,
          ebering_ghost_reflecting_pool, uniq_menkaure
D:7:      layout_gridville
D:8:      minmay_the_grid_octo_tiled_squarecenter
          [minmay_the_grid_octo_thin_diamonds, minmay_the_grid_octo_horde,
          minmay_the_grid_octo_checkered, minmay_the_grid_octo_tetromino_candy,
          minmay_the_grid_square_5x5_megaprize_checkered,
          minmay_the_grid_square_5x5_three_small,
          minmay_the_grid_square_5x5_six, minmay_the_grid_square_5x5_mess,
          minmay_the_grid_square_5x5_misaligned], layout_cave_pools,
          mainiacjoe_overflow_alcove_1, serial_gnoll_camp,
          gnoll_camp_mini_doghouse, gnoll_camp_medium_01, gnoll_camp_mini_house,
          gnoll_camp_mini_house, kennysheep_nondescript, guppyfry_shop_venom
D:9:      layout_irregular_city, grunt_qazlal_clouds, enter_bailey_5,
          hangedman_misty_isle, uniq_erolcha
D:10:     layout_roguey, mainiacjoe_overflow_paths, erik_orc_3
D:11:     layout_basic, grunt_lair_entry_orc_guard_hut,
          portal_ice_cave_demonic_guard, minmay_protected_statue, uniq_maurice
D:12:     layout_roguey, gauntlet_entry_generic, uniq_josephine, uniq_jorgrun
Temple:   eino_wide_crystal_templ
Lair:1:   layout_misc_corridors, pdpol_lair_cavern_descent,
          infiniplex_staircase_pool_2, uniq_gastronok, uniq_nergalle
Orc:1:    layout_caves, serial_shops, mines4_lemuel
Orc:2:    grunt_orc_tribal_feast, layout_caves

Skill      XL: |  1  2  3  4  5  6  7  8  9 10 11 12 13 14 |
---------------+-------------------------------------------+-----
Stealth        | 2 3 4 |  4.5
Dodging        | 3 4 5 6 |  6.3
Spellcasting   | 3 4 5 7 9 10 11 12 14 | 14.2
Armour         | 1 2 3 4 5 6 |  6.0
Invocations    | 1 3 4 5 7 8 |  8.5
Fighting       | 1 2 3 |  3.1
Short Blades   | 1 |  1.0
Long Blades    | 2 3 4 |  4.1
Evocations     | 3 4 |  4.2
Shields        | 2 3 |  3.3
Maces & Flails | 1 |  1.0
Unarmed Combat | |  0.8

Action                     |  1- 3 |  4- 6 |  7- 9 | 10-12 | 13-15 || total
---------------------------+-------+-------+-------+-------+-------++-------
  Melee: Unarmed           |     3 |       |       |    17 |     5 ||    25
         Hand axe          |     3 |       |       |       |       ||     3
         Short sword       |     6 |     3 |       |       |       ||     9
         Dagger            |       |       |    58 |    16 |       ||    74
         Punch             |       |       |     3 |       |       ||     3
         Great sword       |       |       |       |    45 |    18 ||    63
         Whip              |       |       |       |    21 |    34 ||    55
         Scimitar          |       |       |       |       |     9 ||     9
  Throw: Boomerang         |       |       |       |     1 |       ||     1
   Cast: Sting             |    52 |    11 |    49 |    35 |    10 ||   157
         Poisonous Vapours |     6 |     4 |    23 |    45 |    13 ||    91
         Foxfire           |    10 |    26 |    99 |   118 |   184 ||   437
         Mephitic Cloud    |     2 |     1 |    18 |    49 |    34 ||   104
         Static Discharge  |       |     1 |     4 |     5 |       ||    10
         Olgreb's Toxic Ra |       |     1 |     6 |    42 |    16 ||    65
         Ignite Poison     |       |       |    15 |    43 |    26 ||    84
         Hailstorm         |       |       |     1 |     5 |     7 ||    13
         Ice Form          |       |       |       |     1 |     1 ||     2
         Iskenderun's Batt |       |       |       |       |    43 ||    43
 Invoke: Heal Self         |       |       |       |    14 |    11 ||    25
         Heal Other        |       |       |       |       |     1 ||     1
    Use: Scroll            |       |       |     2 |     3 |     7 ||    12
         Potion            |       |       |     1 |       |     2 ||     3
   Stab: Confused          |       |       |     2 |     9 |       ||    11
         Distracted        |       |       |     1 |     1 |       ||     2
         Sleeping          |       |       |     1 |       |       ||     1
 Armour: Robe              |     5 |       |       |       |       ||     5
         Leather armour    |       |       |     4 |       |       ||     4
         Steam dragon scal |       |       |     8 |    10 |       ||    18
         Acid dragon scale |       |       |       |     7 |       ||     7
         Ring mail         |       |       |       |    21 |    81 ||   102
         Skin              |       |       |       |     2 |       ||     2
  Dodge: Dodged            |    19 |     8 |    56 |   101 |    73 ||   257
  Block: Buckler           |       |       |       |       |    33 ||    33
